 Dungeon Crawl Stone Soup version 0.29.1-4-g47bece8355 (webtiles) character file.

Game seed: 9377395543548311703

76 Anriel the Shooter (level 4, 0/27 HPs)
             Began as a Deep Elf Hunter on Dec 9, 2022.
             Slain by Ijyb
             ... wielding a +4 spectral club
              (2 damage)
             ... on level 3 of the Dungeon.
             The game lasted 00:08:57 (1579 turns).

Anriel the Shooter (Deep Elf Hunter)                Turns: 1579, Time: 00:08:58

Health: 0/27       AC:  6    Str:  8    XL:     4   Next: 12%
Magic:  6/6        EV: 12    Int: 14    God:
Gold:   123        SH:  0    Dex: 20    Spells: 3/3 levels left

rFire   + . .      SeeInvis .   a - +0 shortbow
rCold   + . .      Faith    .   (shield currently unavailable)
rNeg    . . .      Spirit   .   c - +0 leather armour
rPois   +          Reflect  .   e - +2 helmet
rElec   +          Harm     .   (no cloak)
rCorr   +          Rampage  .   (no gloves)
Will    .....                   (no boots)
Stlth   ++........              (no amulet)
HPRegen 0.09/turn               (no ring)
MPRegen 0.10/turn               (no ring)

@: resistant
A: no striking features
a: no special abilities


You were on level 3 of the Dungeon.
You visited 1 branch of the dungeon, and saw 3 of its levels.

You collected 123 gold pieces.

Inventory:

Hand Weapons
 a - a +0 shortbow (weapon)
Armour
 c - a +0 leather armour (worn)
 e - a +2 helmet (worn)
Scrolls
 b - a scroll of immolation
 f - a scroll of identify
Potions
 d - a potion of cancellation


   Skills:
 + Level 2.8 Fighting
 + Level 6.5 Ranged Weapons
 - Level 2.4 Dodging
 - Level 1.2 Stealth


You had 3 spell levels left.
You didn't know any spells.
Your spell library was empty.

Dungeon Overview and Level Annotations

Branches:
Dungeon (3/15)

Altars:

Annotations:
D:3 Ijyb


Message History

Press: ? - help, Q - select action Shift-Dir - straight line, f - Ijyb
Aim: Ijyb, wielding a +4 spectral club, wearing a +0 chain mail and carrying a wand of polymorph (5) (moderately wounded, 66% to hit)
You shoot an arrow. The arrow completely misses Ijyb.
The arrow hits the goblin but does no damage.
Ijyb hits you with a +4 spectral club. x2
Ijyb zaps a wand.
You turn into a sentient fungus.
Your +0 shortbow melds into your body.
Your +2 helmet melds into your body.
Your +0 leather armour melds into your body.
You're too terrified to move while being watched!
Ijyb hits you with a +4 spectral club. Ijyb barely misses you.
Ijyb hits you but does no damage. Ijyb closely misses you.
Ijyb barely misses you. Ijyb hits you but does no damage.
Ijyb hits you with a +4 spectral club. Ijyb barely misses you.
Your transformation is almost over.
A rat comes into view.
Ijyb misses you. Ijyb misses you. Ijyb barely misses you.
Ijyb hits you with a +4 spectral club! Ijyb completely misses you.
Ijyb hits you with a +4 spectral club.
* * * LOW HITPOINT WARNING * * *
Ijyb misses you. Ijyb closely misses you. Ijyb misses you.
You stop sporulating.
Your +0 shortbow unmelds from your body.
Your +2 helmet unmelds from your body.
Your +0 leather armour unmelds from your body.
Ijyb hits you with a +4 spectral club!
* * * LOW HITPOINT WARNING * * *
Ijyb attacks as you move away! Ijyb barely misses you.
Okay, then.
Okay, then.
Ijyb attacks as you move away! Ijyb hits you with a +4 spectral club.
You die...

### #.. ################
#.# .)).).rl.g.....# #.#
############g..### #.#
###.@.....### #.#
...............###.#####
######......###.........
###....# #.....###.
#....# #.##......
#...#...####.###.
#...###. #.# #. ##.## #.
#.# #. .# .. #.# #.


You could see Ijyb.

Vanquished Creatures
  3 adders
  A dart slug (D:1)
  3 bats
  2 endoplasms (D:2)
  4 giant cockroaches
  3 goblins
  4 hobgoblins
  4 jackals (D:1)
  4 kobolds
  2 quokkas (D:1)
  8 ball pythons
  4 rats
42 creatures vanquished.

Notes
Turn   | Place    | Note
-------+----------+-------------------------------------------
     0 | D:1      | Anriel the Deep Elf Hunter began the quest for the Orb.
     0 | D:1      | Reached XP level 1. HP: 12/12 MP: 3/3
   436 | D:1      | Reached XP level 2. HP: 17/17 MP: 4/4
  1155 | D:2      | Reached skill level 6 in Ranged Weapons
  1180 | D:2      | Reached XP level 3. HP: 19/22 MP: 5/5
  1378 | D:2      | Found a faded altar of an unknown god.
  1546 | D:3      | Noticed Ijyb
  1553 | D:3      | Reached XP level 4. HP: 27/27 MP: 6/6
  1579 | D:3      | Slain by Ijyb

Illustrated notes

Levels and vault maps discovered:
D:1:      sevenhm_arrival_forest_fort_small_5, layout_basic
D:2:      layout_rooms, ebering_ecumenical_altar_rust
D:3:      layout_loops_ring, hangedman_ru_absence, fedhas_ov_isle_minmay,
          uniq_ijyb, uniq_robin

Skill      XL: |  1  2 |
---------------+-------+-----
Fighting       | 2 |  2.8
Ranged Weapons | 6 |  6.5
Dodging        | |  2.4
Stealth        | |  1.2

Action                   |  1- 3 |  4- 6 || total
-------------------------+-------+-------++-------
 Fire: Shortbow          |   111 |     1 ||   112
  Use: Scroll            |     6 |       ||     6
       Potion            |       |     1 ||     1
Armor: Leather armour    |    29 |       ||    29
       Skin              |       |     2 ||     2
Dodge: Dodged            |    58 |    12 ||    70
